 Dungeon Crawl Stone Soup version 0.29.1-15-g9cfb28693d (webtiles) character file.

Game seed: 10123400787413293574

10767 H0rd4k the Martial Artist (level 11, -5/75 HPs)
             Began as an Octopode Artificer on Mar 3, 2023.
             Was an Initiate of Gozag.
             Slain by a two-headed ogre
             ... wielding a +0 giant club
              (29 damage)
             ... on level 5 of the Dungeon.
             The game lasted 00:30:05 (15110 turns).

H0rd4k the Martial Artist (Octopode Artificer)     Turns: 15110, Time: 00:30:06

Health: -5/75      AC:  1    Str: 17    XL:     11   Next: 67%
Magic:  14/22      EV: 13    Int: 30    God:    Gozag
Gold:   1155       SH:  0    Dex: 13    Spells: 9/25 levels left

rFire   + . .      SeeInvis .   u - +8 trident of Discretion {drain, Int+3}
rCold   + . .      Faith    .   (no shield)
rNeg    + . .      Spirit   .   (helmet restricted)
rPois   +          Reflect  .   f - amulet of Yfahible {Acrobat Will+ Regen+ Int+3 Slay-3}
rElec   .          Harm     .   a - +6 ring of strength
rCorr   .          Rampage  .   x - ring of poison resistance
Will    +....                   I - +6 ring of intelligence
Stlth   +++.......              O - ring of positive energy
HPRegen 1.02/turn               M - ring of protection from fire
MPRegen 0.18/turn               H - ring of protection from cold
                                (no ring)
                                (no ring)

@: studying Summonings
A: almost no armour, amphibious, 8 rings, camouflage 1, gelatinous body 1,
(nimble swimmer 1), tentacles
a: Renounce Religion, Potion Petition, Call Merchant, Bribe Branch


You were on level 5 of the Dungeon.
You worshipped Gozag.
Gozag was most pleased with you.
You visited 2 branches of the dungeon, and saw 14 of its levels.

You collected 1259 gold pieces.
You paid 104 gold pieces to Gozag.

Inventory:

Hand Weapons
 u - the +8 trident of Discretion (weapon) {drain, Int+3}
   (You found it on level 9 of the Dungeon)

   A truly terrible weapon, it drains the life of any living foe it strikes.
   Int:       It affects your intelligence (+3).
Missiles
 n - 32 poisoned darts
 y - 2 throwing nets
Magical Staves
 B - a staff of conjuration
Jewellery
 a - a +6 ring of strength (left tentacle)
 f - the amulet of Yfahible (around mantle) {Acrobat Will+ Regen+ Int+3 Slay-3}
   (You acquired it on level 9 of the Dungeon)

   [amulet of the acrobat]

   It increases your evasion while moving and waiting.
   Int:       It affects your intelligence (+3).
   Slay:      It affects your accuracy & damage with ranged weapons and melee
   (-3).
   Regen:     It increases your rate of health regeneration.
   Will:      It increases your willpower.
 w - an amulet of faith
 x - a ring of poison resistance (right tentacle)
 z - an amulet of guardian spirit
 F - a ring of fire
 H - a ring of protection from cold (on tentacle)
 I - a +6 ring of intelligence (on tentacle)
 M - a ring of protection from fire (on tentacle)
 N - an amulet of regeneration
 O - a ring of positive energy (on tentacle)
 P - a +6 ring of strength
Wands
 b - a wand of flame (1)
 h - a wand of paralysis (1)
 D - a wand of polymorph (1)
Scrolls
 c - a scroll of enchant weapon
 e - a scroll of vulnerability
 l - a scroll of teleportation
 m - 3 scrolls of amnesia
 q - 2 scrolls of enchant armour
 v - 7 scrolls of immolation
 A - a scroll of poison
Potions
 d - 2 potions of attraction
 g - 2 potions of degeneration
 j - 4 potions of curing
 k - a potion of cancellation {unknown}
 o - 2 potions of ambrosia
 r - a potion of flight {unknown}
 s - 2 potions of resistance
 t - 3 potions of berserk rage
 C - a potion of magic {unknown}
 E - 2 potions of brilliance {unknown}
 G - 4 potions of might
 J - a potion of mutation {unknown}
 K - a potion of lignification {unknown}
 L - a potion of invisibility {unknown}


   Skills:
 + Level 7.4 Fighting
 + Level 3.1 Polearms
 - Level 2.3 Dodging
 - Level 1.3 Stealth
 - Level 11.6 Unarmed Combat
 * Level 7.5 Spellcasting
 * Level 9.2 Summonings
 + Level 0.7 Air Magic
 * Level 4.8 Poison Magic
 - Level 3.2 Evocations


You had 9 spell levels left.
You knew the following spells:

 Your Spells              Type           Power      Damage    Failure   Level
a - Summon Hydra          Summ           30%        N/A       65%         7
b - Olgreb's Toxic Radia  Pois           40%        N/A       6%          4
c - Poisonous Vapours     Pois/Air       56%        N/A       2%          2
d - Swiftness             Air            15%        N/A       10%         3

Your spell library contained the following spells:

 Spells                   Type           Power      Damage    Failure   Level
 Sting                    Tmut/Pois      100%       1d8       1%          1
 Freeze                   Ice            44%        1d6       4%          1
 Sandblast                Erth           22%        2d7       4%          1
 Ensorcelled Hibernation  Hex/Ice        22%        N/A       7%          2
 Passwall                 Tmut/Erth      9%         N/A       7%          2
 Sublimation of Blood     Necr           11%        N/A       7%          2
 Wereblood                Tmut           11%        N/A       7%          2
 Confusing Touch          Hex            11%        N/A       14%         3
 Frozen Ramparts          Ice            22%        1d4       14%         3
 Stone Arrow              Conj/Erth      22%        3d8       14%         3
 Hailstorm                Conj/Ice       11%        3d5       41%         4
 Yara's Violent Unravell  Hex/Tmut       5%         3d4       77%         5
 Enfeeble                 Hex            5%         N/A       100%        7


Dungeon Overview and Level Annotations

Branches:
Dungeon (13/15)            Temple (1/1) D:7
   Lair: D:8-11         Orc: D:9-12      Vaults: D:13-14

Altars:
Ashenzari
Cheibriados
Dithmenos
Elyvilon
Fedhas
Gozag
Hepliaklqana
Kikubaaqudgha
Makhleb
Nemelex Xobeh
Okawaru
Qazlal
Ru
Sif Muna
Trog
Uskayaw
Vehumet
Wu Jian
Xom
Yredelemnul
Zin
The Shining One

Shops:
D:3 !   D:7 *

Annotations:
D:4 exclusion: 2 downstairs
D:6 exclusion: downstairs
D:7 exclusion: downstairs
D:8 exclusion: 3 downstairs
D:9 exclusion: 2 downstairs, Pikel


Innate Abilities, Weirdness & Mutations

You cannot wear most types of armour.
You are amphibious.
You can wear up to eight rings at the same time.
Your skin changes colour to match your surroundings (Stealth+).
Your rubbery body absorbs attacks. (AC +1, EV +1)
((You are camouflaged when in or above water. (Stealth+)))
You have tentacles for arms and can constrict up to eight enemies at once.


Message History

Where to? (Enter - D:5, ? - help)
There is an open door here.
There is an open door, spattered with blood here.
There is an open door here.
There is a stone staircase leading down here.
You climb downwards.
Level annotation: exclusion: downstairs
There is a stone staircase leading up here.
Done exploring.
Done exploring.
Done exploring.
You climb upwards.
There is a stone staircase leading down here.
Poisonous vapours surround the two-headed ogre!
The two-headed ogre is poisoned.
The two-headed ogre shouts in stereo!
Poisonous vapours surround the two-headed ogre!
The two-headed ogre looks as sick as possible!
You miscast Poisonous Vapours.
You are very lightly contaminated with residual magic.
Nothing appears to happen.
Poisonous vapours surround the two-headed ogre!
The two-headed ogre looks as sick as possible!
Poisonous vapours surround the two-headed ogre!
The two-headed ogre looks as sick as possible!
Your magical contamination has completely faded away.
Poisonous vapours surround the two-headed ogre!
The two-headed ogre looks as sick as possible!
You closely miss the two-headed ogre. You tentacle-slap the two-headed ogre.
The two-headed ogre is heavily wounded.
The two-headed ogre closely misses you.
The two-headed ogre hits you with a +0 giant club!!
You hit the two-headed ogre. You drain the two-headed ogre.
You tentacle-slap the two-headed ogre, but do no damage.
The two-headed ogre is severely wounded.
You puncture the two-headed ogre!
The two-headed ogre is almost dead.
The two-headed ogre hits you with a +0 giant club!! x2
You die...
Your body crumbles into a pile of gold.

.#....#.....#....#...#...........
.#....##..#......#####.[.....>...
###....########..........#####'##
..#....# #..........#.......
..#....# #..........#.......
..#....# #..........#...>...
..#....#### #..........########
..#.......# ##O...###### ###
..'.......# #@...# #..
..#.......# #....# #..
..#.......# #....# #..
..#.......# #....# #..
..#.......# #....# #..
###.......# #....# ### #########
######


You could see a two-headed ogre (extremely poisoned, drained).

Vanquished Creatures
  2 two-headed ogres
  A gargoyle (D:12)
  Joseph (D:8)
  A rime drake (shapeshifter) (D:13)
  Prince Ribbit (D:7)
  A hornet (D:9)
  A shadow (D:11)
  A wraith (D:13)
  16 yaks
  3 wyverns
  Grum (D:8)
  2 steam dragons
  A fire bat (D:9)
  An acid dragon (D:11)
  3 black bears
  A sky beast (D:7)
  An ogre (D:5)
  4 centaurs
  3 wolves (D:8)
  A kobold brigand (D:8)
  4 lemures
  6 bullfrogs
  2 necrophages (D:6)
  2 gnoll sergeants (D:11)
  4 scorpions
  6 wights
  12 killer bees
  10 howler monkeys
  2 jellies (D:6)
  6 orc priests
  2 hounds
  An iron imp (D:5)
  2 iguanas
  5 orc wizards
  10 adders
  11 gnolls
  3 shadow imps
  2 white imps
  2 ufetubi (D:5)
  3 dart slugs
  17 orcs
  4 bats
  10 endoplasms
  6 giant cockroaches
  6 goblins
  6 hobgoblins
  6 jackals
  A quokka (D:2)
  10 ball pythons
  2 frilled lizards (D:1)
  16 kobolds
  6 rats
231 creatures vanquished.

Vanquished Creatures (collateral kills)
  Maurice (D:10)
  A wraith (D:10)
  A black bear (D:4)
  A wight (D:6)
  2 killer bees (D:7)
  An adder (D:4)
  A dart slug (D:4)
  3 orcs (D:5)
  A ball python (D:4)
  A kobold (D:4)
13 creatures vanquished.

Vanquished Creatures (others)
  A centaur (D:5)
  A killer bee (D:6)
  A plant (D:4)
  6 withered plants (D:4)
9 creatures vanquished.

Grand Total: 253 creatures vanquished

Notes
Turn   | Place    | Note
-------+----------+-------------------------------------------
     0 | D:1      | H0rd4k the Octopode Artificer began the quest for the Orb.
     0 | D:1      | Reached XP level 1. HP: 13/13 MP: 1/1
     2 | D:1      | Found an ornate altar of the Wu Jian Council.
   202 | D:1      | Found a faded altar of an unknown god.
   254 | D:1      | Reached XP level 2. HP: 11/18 MP: 1/3
   565 | D:1      | Reached skill level 1 in Spellcasting
  1049 | D:1      | Reached XP level 3. HP: 12/24 MP: 4/4
  1488 | D:2      | Reached skill level 1 in Unarmed Combat
  1944 | D:2      | Reached XP level 4. HP: 23/30 MP: 6/6
  2166 | D:2      | Reached skill level 2 in Unarmed Combat
  2488 | D:3      | Found a shimmering blue altar of Sif Muna.
  2488 | D:3      | Found a burning altar of Makhleb.
  2494 | D:3      | Found a white marble altar of Elyvilon.
  2497 | D:3      | Found a radiant altar of Vehumet.
  2503 | D:3      | Found a sacrificial altar of Ru.
  2508 | D:3      | Found a basalt altar of Yredelemnul.
  2657 | D:3      | Found an iron altar of Okawaru.
  2724 | D:3      | Reached XP level 5. HP: 34/35 MP: 8/8
  3132 | D:3      | Found Tiddaj's Distillery.
  3268 | D:4      | Noticed a black bear
  3270 | D:4      | Noticed a black bear
  3271 | D:4      | Found a bloodstained altar of Trog.
  3274 | D:4      | Noticed a black bear
  3285 | D:4      | Killed a black bear
  3286 | D:4      | Reached skill level 3 in Unarmed Combat
  3286 | D:4      | Reached XP level 6. HP: 42/42 MP: 7/9
  3289 | D:4      | Killed a black bear
  3290 | D:4      | Reached skill level 4 in Unarmed Combat
  3314 | D:4      | Killed a black bear
  3443 | D:4      | Found a shimmering altar of Xom.
  3585 | D:4      | Found a hide-covered altar of Uskayaw.
  3716 | D:4      | Reached XP level 7. HP: 39/47 MP: 7/11
  4007 | D:4      | Found an ancient bone altar of Kikubaaqudgha.
  4007 | D:4      | Found a blossoming altar of Fedhas.
  4116 | D:5      | Entered Level 5 of the Dungeon
  4163 | D:5      | Reached skill level 5 in Unarmed Combat
  4469 | D:5      | Identified the +1 robe of Evolution {-Tele Str+5}
  4473 | D:5      | Found a snail-covered altar of Cheibriados.
  4633 | D:5      | Noticed a two-headed ogre
  5089 | D:5      | Noticed a two-headed ogre
  5222 | D:5      | Killed a two-headed ogre
  5223 | D:5      | Reached skill level 7 in Unarmed Combat
  5223 | D:5      | Reached XP level 8. HP: 54/54 MP: 11/13
  6004 | D:6      | Reached skill level 8 in Unarmed Combat
  6074 | D:6      | Reached XP level 9. HP: 52/60 MP: 12/15
  6117 | D:7      | HP: 3/60 [killer bee (5)]
  6136 | D:6      | Reached skill level 5 in Fighting
  6759 | D:7      | Reached skill level 9 in Unarmed Combat
  6763 | D:7      | Reached skill level 5 in Summonings
  7077 | D:7      | Noticed Prince Ribbit
  7086 | D:7      | Killed Prince Ribbit
  7499 | D:7      | Reached skill level 5 in Spellcasting
  7704 | D:7      | Reached skill level 10 in Unarmed Combat
  7871 | D:7      | Found a staircase to the Ecumenical Temple.
  7912 | Temple   | Entered the Ecumenical Temple
  8060 | Temple   | Became a worshipper of Gozag Ym Sagoz the Greedy
  8181 | D:7      | Found Suvola's Fire Supplies.
  8875 | D:8      | Reached XP level 10. HP: 68/68 MP: 17/17
  8919 | D:8      | Noticed Joseph
  9300 | D:8      | Noticed Grum
  9610 | D:8      | Killed Grum
  9869 | D:8      | Killed Joseph
 10610 | D:8      | Reached skill level 11 in Unarmed Combat
 10871 | D:9      | Noticed Pikel
 10871 | D:9      | Noticed a two-headed ogre
 11072 | D:10     | Entered Level 10 of the Dungeon
 11083 | D:9      | Learned a level 7 spell: Summon Hydra
 11592 | D:9      | Identified a scroll of acquirement
 11592 | D:9      | Acquired the amulet of Yfahible {Acrobat Will+ Regen+ Int+3
                  | Slay-3}
 12476 | D:9      | Learned a level 4 spell: Olgreb's Toxic Radiance
 12479 | D:9      | Learned a level 2 spell: Poisonous Vapours
 12570 | D:9      | Identified the +8 trident of Discretion {drain, Int+3}
 12669 | D:10     | Noticed Maurice
 12695 | D:10     | You fall into a shaft and drop 3 floors!
 12753 | D:13     | Reached skill level 1 in Poison Magic
 12812 | D:13     | Noticed a tengu warrior
 12870 | D:13     | Noticed a red ugly thing
 12959 | D:12     | Noticed a gargoyle
 12965 | D:12     | Killed a gargoyle
 12966 | D:12     | Reached XP level 11. HP: 74/74 MP: 20/20
 13001 | D:11     | Noticed a two-headed ogre
 13016 | D:11     | Killed a two-headed ogre
 13017 | D:11     | Reached skill level 1 in Polearms
 13219 | D:11     | Noticed a centaur warrior
 13237 | D:10     | HP: 3/75 [wraith (14)]
 13250 | D:10     | Killed Maurice
 14272 | D:11     | Learned a level 3 spell: Swiftness
 15110 | D:5      | Slain by a two-headed ogre

Illustrated notes

Levels and vault maps discovered:
D:1:      sevenhm_arrival_forest_fort_small_6, layout_loops_cross,
          ebering_ecumenical_altar_hall, roderic_roman_lattice
D:2:      layout_loops_ring, minmay_snake_closets
D:3:      layout_rooms, okawaru_gym_becter,
          nicolae_overflow_hallway_of_the_gods, serial_shops, shop,
          kennysheep_generic_room_16
D:4:      layout_rooms, grunt_temple_overflow_growth_and_decay,
          mainiacjoe_overflow_six_doors_small, mainiacjoe_overflow_24_doors,
          trog_ov_bears_minmay, minmay_crystal_water
D:5:      layout_gridville, slow_altar_1, minmay_manual_moon
D:6:      layout_cave_pools
D:7:      layout_layer_cave, minmay_temple_entry_large_hall,
          nicolae_shop_fire_sale [nicolae_sub_dead_trees], uniq_prince_ribbit1
D:8:      layout_basic, uniq_joseph, uniq_grum
D:9:      nicolae_cairo_tiling_large_dashed, layout_cave_pods,
          kennysheep_small_square, uniq_pikel
D:10:     layout_cross, erik_lair_dragon, uniq_maurice
D:11:     layout_roguey, serial_glass, glass_columns_a, glass_columns_a,
          glass_columns_a, glass_columns_a, glass_columns_a, glass_columns_b,
          glass_columns_a, glass_columns_c
D:12:     wad_cavern_with_rooms, layout_gridville, amcnicky_mini_pool_small
D:13:     layout_irregular_city, david_vaults_3
Temple:   hellmonk_temple_beads

Skill      XL: |  1  2  3  4  5  6  7  8  9 10 11 |
---------------+----------------------------------+-----
Spellcasting   | 1 2 3 4 5 6 7 |  7.5
Fighting       | 2 3 4 5 6 7 |  7.4
Unarmed Combat | 1 2 3 4 7 8 10 11 | 11.6
Summonings     | 3 4 6 8 9 |  9.2
Poison Magic   | 1 4 |  4.8
Polearms       | 3 |  3.1
Dodging        | |  2.3
Stealth        | |  1.3
Air Magic      | |  0.7
Evocations     | |  3.2

Action                   |  1- 3 |  4- 6 |  7- 9 | 10-12 || total
-------------------------+-------+-------+-------+-------++-------
Melee: Unarmed           |    88 |   112 |   149 |   140 ||   489
       Tentacles         |    21 |    29 |    35 |    56 ||   141
       Constrict         |    20 |    34 |    34 |    44 ||   132
       Punch             |       |     1 |     8 |    23 ||    32
       Trident           |       |       |       |    93 ||    93
 Cast: Poisonous Vapours |       |       |       |    26 ||    26
       Olgreb's Toxic Ra |       |       |       |    17 ||    17
Evoke: Wand              |       |     1 |    50 |    27 ||    78
  Use: Potion            |       |       |     4 |     5 ||     9
       Scroll            |       |       |     2 |    24 ||    26
 Stab: Sleeping          |    12 |    10 |     3 |     2 ||    27
       Paralysed         |       |       |       |    12 ||    12
Armor: Skin              |     9 |     8 |    12 |     9 ||    38
Dodge: Dodged            |    42 |    86 |   106 |   230 ||   464
